[Event "84th ESP-ch 2019"]
[Site "Marbella"]
[Date "2019.11.17"]
[Round "2.38"]
[White "Guillo Longares, Cecilia"]
[Black "Espejo Montagut, Jose Maria"]
[Result "1-0"]
[ECO "D70"]
[WhiteElo "2100"]
[BlackElo "1768"]
[Annotator "NA RC"]
[PlyCount "95"]
[EventDate "2019.11.16"]
[EventType "swiss"]
[EventCountry "ESP"]
[SourceTitle "playchess.com"]
[Source "ChessBase"]
[SourceQuality "1"]
[TimeControl "5400+30"]

1. d4 Nf6 2. c4 g6 3. Nf3 Bg7 4. g3 O-O 5. Bg2 d6 6. O-O Nbd7 7. Nc3 c6 8. b3 e5 9. e3 Re8 10. Nd2 {[%emt 0:02:44] E67: King's Indian: Fianchetto: 6...Nbd7} (10. Ba3 e4 11. Nd2 d5 12. Qc1 a6 13. cxd5 cxd5 14. Na4 b5 15. Nc5 Nb8 16. b4 h5 17. h3 Ra7 18. Qd1 {0-1 (34) Huzman,A (2580)-Vishnu,P (2518) St Petersburg 2018}) 10... Nb6 $146 ({Better is Predecessor:} 10... d5 $15 11. cxd5 cxd5 12. Nb5 Qb6 13. dxe5 Nxe5 14. Nd4 Bg4 15. f3 Bd7 16. a4 Nc6 17. Nb1 Nxd4 18. exd4 Ng4 19. a5 Qxd4+ {0-1 (19) Torres Bravo,C (2178)-Egger Mancilla,J (2431) Santiago de Chile 2007}) 11. a4 Nbd7 12. Ba3 exd4 13. exd4 Nf8 14. Nde4 Nxe4 15. Nxe4 d5 16. cxd5 cxd5 17. Nd6 Re6 18. Nb5 Rf6 19. Rc1 Rc6 20. Rc5 Be6 21. Qc1 Qd7 22. Rd1 a6 23. Nc3 Rxc5 24. dxc5 $15 (24. Bxc5 $11 h5 25. b4) 24... d4 25. Qc2 Rd8 26. Be4 h5 27. Ne2 Qc7 28. Nf4 Bg4 29. Re1 Qc8 30. Qc4 Be6 31. Nxe6 fxe6 32. Qd3 Kh7 33. Qf3 Kg8 34. Bxb7 Qc7 35. Bxa6 e5 36. Bc4+ Kh8 37. b4 Nh7 38. Bc1 Nf6 39. Bd3 Rf8 40. Bxg6 Ng4 41. Qe4 Nxf2 42. Qh4 Rf6 43. Qxh5+ Kg8 44. Bh7+ Kf8 45. Rf1 e4 46. Rxf2 Rxf2 47. Kxf2 Qd7 48. Qf5+ 1-0

[Event "84th ESP-ch 2019"]
[Site "Marbella"]
[Date "2019.11.17"]
[Round "2.39"]
[White "Lozano Aguilar, Juan Francisco"]
[Black "Carbonell Bofill, Carlos Eloy"]
[Result "0-1"]
[ECO "A50"]
[WhiteElo "1768"]
[BlackElo "2098"]
[Annotator "NA RC"]
[PlyCount "124"]
[EventDate "2019.11.16"]
[EventType "swiss"]
[EventCountry "ESP"]
[SourceTitle "playchess.com"]
[Source "ChessBase"]
[SourceQuality "1"]
[TimeControl "5400+30"]

1. d4 Nf6 2. c4 c6 3. Nc3 d5 4. cxd5 cxd5 5. Nf3 Nc6 6. Bf4 e6 7. a3 Bd6 {[%emt 0:00:08] D13: Slav Defence: Exchange variation without ...Bf5} 8. Bxd6 Qxd6 9. e3 O-O 10. Bd3 (10. Be2 Bd7 11. O-O {½-½ (11) Stojanovic,M (2572)-Mirzoev,A (2563) Basel 2011}) 10... e5 11. Nb5 Qe7 12. dxe5 Nxe5 13. Nxe5 Qxe5 14. Nd4 Re8 15. O-O Ng4 $146 ({Predecessor:} 15... Kh8 16. h3 Bd7 {½-½ (30) Kiendl,T (1651)-Angermeier,G (1720) Germany 2005}) 16. g3 h5 17. Qf3 g6 18. Rac1 Bd7 19. Rc5 Nf6 20. h4 Rac8 21. Rfc1 Rxc5 22. Rxc5 Kg7 23. Bc4 b6 24. Rxd5 Nxd5 25. Bxd5 Qf6 26. Qd1 Rc8 27. Kg2 Rc5 28. Bf3 Bc8 29. Qa4 a5 30. b4 axb4 31. axb4 Rc7 32. b5 Rc1 $17 33. Qa3 Rc5 34. Qa7 g5 35. hxg5 Rxg5 36. Qc7 Bg4 37. Qf4 Qxf4 38. gxf4 Bxf3+ 39. Kxf3 Rg1 40. Ne2 Rb1 41. Nd4 Rg1 42. Ne2 Rg4 43. Ng3 Kh6 44. e4 Rg8 45. Nf5+ Kh7 46. e5 Rg1 47. Ke2 Rb1 48. Nd6 Kg6 49. f5+ Kg7 50. f3 h4 51. Kf2 Rb2+ 52. Kf1 h3 53. Kg1 Rg2+ 54. Kh1 Rb2 55. Kg1 Re2 56. Nc4 Kh6 57. f4 Kh5 58. e6 fxe6 59. fxe6 Kh4 60. Ne5 Kg3 61. Nd3 h2+ 62. Kf1 Rg2 0-1

[Event "84th ESP-ch 2019"]
[Site "Marbella"]
[Date "2019.11.17"]
[Round "2.40"]
[White "Lopez Guerrero, Jose Miguel"]
[Black "Fernandez Cantalapiedra, Isabel"]
[Result "1-0"]
[ECO "B12"]
[WhiteElo "2085"]
[BlackElo "1754"]
[Annotator "NA RC"]
[PlyCount "157"]
[EventDate "2019.11.16"]
[EventType "swiss"]
[EventCountry "ESP"]
[SourceTitle "playchess.com"]
[Source "ChessBase"]
[SourceQuality "1"]
[TimeControl "5400+30"]

1. e4 c6 2. d4 d5 3. e5 c5 4. dxc5 Nc6 5. Bb5 e6 6. Nf3 {[%emt 0:02:23] B12: Caro-Kann: Advance Variation} (6. Be3 Nge7 7. c3 Bd7 8. Bxc6 Nxc6 9. f4 Qc7 10. Nf3 Na5 11. b4 Nc4 12. Bd4 b6 13. cxb6 axb6 14. O-O Be7 15. Nfd2 O-O 16. Nxc4 dxc4 {½-½ (44) Jakovenko,D (2752)-Granda Zuniga,J (2641) Porto Carras 2018}) 6... Bxc5 7. O-O Nge7 8. c4 O-O 9. Nc3 dxc4 10. Bf4 $146 ({Predecessor:} 10. Qxd8 Rxd8 11. Ne4 Bb6 12. Bg5 Rf8 13. Bxe7 Nxe7 {½-½ (47) Kosanski,S (2416)-Jakupovic,N (2313) Neum 2000}) 10... Qxd1 11. Rfxd1 Bb4 12. Bxc4 Bxc3 13. bxc3 b6 14. Bc1 Na5 15. Be2 Bb7 16. Ba3 Rfe8 17. Nd4 Nd5 18. Rac1 Nf4 19. Bf1 Red8 20. g3 $16 Ng6 21. f4 a6 22. Bd6 Rdc8 {[%emt 0:00:45] [#]} 23. c4 $1 Nf8 24. f5 Be4 25. fxe6 Nxe6 26. Bh3 Re8 27. Nxe6 fxe6 28. c5 bxc5 29. Rxc5 Nb7 30. Rc7 Nd8 31. Re7 Bg6 32. Rxe8+ Bxe8 33. Be7 Nc6 34. Bd6 Bf7 35. Bg2 Rc8 36. Rc1 Be8 37. Rc5 Na7 38. Rxc8 Nxc8 39. Bb7 Nxd6 40. exd6 Bd7 41. Bxa6 Kf7 42. Bd3 h6 43. Bc2 Kf6 44. a4 Ke5 45. a5 Kxd6 46. Bd3 Bc6 47. Kf2 e5 48. Ke3 Kc7 49. h4 g5 50. hxg5 hxg5 51. Be4 Bb5 52. Bd5 Kd6 53. Bb7 Bf1 54. a6 Kc7 55. Ke4 Be2 56. Kxe5 g4 57. Kf4 Kb8 58. Ke3 Bd1 59. Be4 Ka7 60. Bd3 Ba4 61. Be2 Bd7 62. Kf4 Bc8 63. Kg5 Kb6 64. Kf4 Ka7 65. Bxg4 Bxa6 66. Bf3 Bc8 67. Be4 Bd7 68. Bf5 Be8 69. g4 Kb6 70. Ke5 Kc7 71. Kf6 Kd6 72. g5 Bh5 73. Be6 Be8 74. Bf7 Ba4 75. g6 Bc2 76. g7 Bh7 77. Kg5 Ke7 78. Bb3 Ke8 79. Kh6 1-0

[Event "84th ESP-ch 2019"]
[Site "Marbella"]
[Date "2019.11.17"]
[Round "2.41"]
[White "Juan Lepp, Jaime Boris"]
[Black "Medina Romero, Jose"]
[Result "0-1"]
[ECO "B06"]
[WhiteElo "1746"]
[BlackElo "2083"]
[Annotator "NA RC"]
[PlyCount "93"]
[EventDate "2019.11.16"]
[EventType "swiss"]
[EventCountry "ESP"]
[SourceTitle "playchess.com"]
[Source "ChessBase"]
[SourceQuality "1"]
[TimeControl "5400+30"]

1. e4 g6 2. f4 Bg7 3. Nc3 c6 4. Nf3 d5 5. exd5 (5. Qe2 Bg4 6. exd5 Nf6 7. dxc6 Nxc6 8. Qf2 O-O 9. d3 Bxf3 10. Qxf3 Nd4 11. Qd1 Rc8 12. Be2 {0-1 (27) Dvalishvili,P (2433)-Bologan,V (2615) Moscow 2017}) 5... cxd5 6. Bb5+ {[%emt 0:01:01] B06: Modern Defence} Nc6 7. d3 Nf6 8. Ne5 $146 ({Predecessor:} 8. Bxc6+ bxc6 9. O-O O-O 10. d4 Bg4 11. Ne2 Bxf3 12. Rxf3 {½-½ (51) Bohnert,D (1976)-Van Klev,F (1748) Lingen 2013}) 8... Bd7 9. Bxc6 Bxc6 10. Qe2 O-O 11. O-O e6 12. Kh1 Rc8 13. Nd1 b6 14. b3 Bb7 15. Ba3 Re8 16. Nf2 a5 17. Rac1 b5 18. c4 dxc4 19. dxc4 b4 20. Rfd1 Qc7 21. Bb2 Red8 22. Bd4 $11 Nh5 23. Nh3 Rxd4 24. Rxd4 Nxf4 25. Rxf4 Bxe5 26. Rf2 Bd4 27. Rf4 e5 28. Rff1 Qe7 29. Nf2 Re8 30. Rce1 f5 31. Nd3 Kg7 32. Nf4 Bc3 33. Nd5 Bxd5 34. cxd5 Bxe1 35. Rxe1 Qd6 36. Qb5 Rc8 37. Qxa5 Rc2 38. Qa7+ Rc7 39. Qa5 e4 40. h3 h5 41. Qb5 h4 42. Rd1 Rc3 43. Qe2 Kh6 44. Qf2 Rg3 45. Qd2+ e3 46. Qd4 f4 47. Kg1 0-1

[Event "84th ESP-ch 2019"]
[Site "Marbella"]
[Date "2019.11.17"]
[Round "2.42"]
[White "Aguado Doncel, Pablo Luis"]
[Black "Munoz Jorva, Miguel Angel"]
[Result "1-0"]
[ECO "D10"]
[WhiteElo "2062"]
[BlackElo "1721"]
[Annotator "NA RC"]
[PlyCount "57"]
[EventDate "2019.11.16"]
[EventType "swiss"]
[EventCountry "ESP"]
[SourceTitle "playchess.com"]
[Source "ChessBase"]
[SourceQuality "1"]
[TimeControl "5400+30"]

1. d4 d5 2. c4 c6 3. Nc3 dxc4 4. e3 e5 5. Bxc4 Bb4 6. Bxf7+ Kf8 7. Bb3 exd4 8. exd4 Qe7+ 9. Be3 Nf6 10. Nge2 Be6 11. O-O Na6 12. Bg5 Bxb3 13. Qxb3 Qf7 14. Bxf6 gxf6 15. d5 cxd5 16. Nxd5 Bd6 17. Ng3 Nb4 18. Rad1 Nxd5 19. Rxd5 Bxg3 20. fxg3 Re8 21. Qb4+ Re7 22. Rdf5 Ke8 23. Qb5+ Rd7 24. Rxf6 Qd5 25. Qe2+ Re7 26. Qc2 Qd4+ 27. Kh1 Qxf6 28. Qc8+ Kf7 29. Rxf6+ 1-0

[Event "84th ESP-ch 2019"]
[Site "Marbella"]
[Date "2019.11.18"]
[Round "3.11"]
[White "Del Rio De Angelis, Salvador G."]
[Black "Berrocal Ruiz, Valentin"]
[Result "1-0"]
[ECO "E70"]
[WhiteElo "2502"]
[BlackElo "2143"]
[Annotator "RC"]
[PlyCount "117"]
[EventDate "2019.11.16"]
[EventType "swiss"]
[EventCountry "ESP"]
[SourceTitle "playchess.com"]
[Source "ChessBase"]
[SourceQuality "1"]
[TimeControl "5400+30"]

1. d4 Nf6 2. c4 g6 3. Nc3 Bg7 4. e4 O-O 5. Be3 d6 6. h3 e5 7. d5 Na6 8. g4 Nc5 9. f3 a5 10. h4 c6 11. Nh3 cxd5 12. cxd5 Qb6 13. Qd2 Bd7 14. Nf2 a4 15. Nd3 Nxd3+ 16. Bxd3 Qa5 17. Nd1 Rfc8 18. Qxa5 Rxa5 19. Bd2 Raa8 20. Ne3 b5 21. Ke2 h5 22. Rhg1 Bf8 23. g5 Ne8 24. Nc2 Nc7 25. b4 Bg7 26. Na3 Kf8 27. Rac1 Ke7 28. Rc2 Rab8 29. Rgc1 Kd8 30. Kf2 Bh8 31. Kg3 Bg7 32. Bf1 Bh8 33. Be3 Bg7 34. Bh3 Bf8 35. Bxd7 Kxd7 36. Rc6 Be7 37. Kf2 Bd8 38. Ke2 Rb7 39. Bb6 Rbb8 40. Be3 Be7 41. R1c2 Bd8 42. Kd3 Be7 43. Bb6 Bd8 44. Ba5 Rb7 45. Ke3 Rbb8 46. f4 exf4+ 47. Kxf4 Rb7 48. Ke3 Rbb8 49. Kd3 Rb7 50. e5 dxe5 51. d6 Nd5 52. Rxc8 Bxa5 53. bxa5 Nb4+ 54. Ke4 Nxc2 55. Rxc2 b4 56. Nc4 b3 57. axb3 axb3 58. Rb2 Rb4 59. Kd3 1-0

[Event "84th ESP-ch 2019"]
[Site "Marbella"]
[Date "2019.11.18"]
[Round "3.12"]
[White "Ramirez Diaz, Jose Ramon"]
[Black "Asis Gargatagli, Hipolito"]
[Result "1/2-1/2"]
[ECO "B90"]
[WhiteElo "2171"]
[BlackElo "2497"]
[Annotator "RC"]
[PlyCount "89"]
[EventDate "2019.11.16"]
[EventType "swiss"]
[EventCountry "ESP"]
[SourceTitle "playchess.com"]
[Source "ChessBase"]
[SourceQuality "1"]
[TimeControl "5400+30"]

1. e4 c5 2. Nf3 d6 3. d4 cxd4 4. Nxd4 Nf6 5. Nc3 a6 6. Qe2 Nbd7 7. g4 g6 8. Bg2 Bg7 9. Be3 h5 10. gxh5 Rxh5 11. O-O-O Qc7 12. f4 e5 13. Ndb5 axb5 14. Nxb5 Qa5 15. Nxd6+ Kf8 16. Qc4 Qxa2 17. Qxa2 Rxa2 18. Nxc8 exf4 19. Bxf4 Rb5 20. e5 Rbxb2 21. Rd2 Ng4 22. Bd5 Ngxe5 23. Bxa2 Rxa2 24. Kb1 Ra8 25. Bxe5 Bxe5 26. c3 Nf6 27. Nb6 Bxc3 28. Nxa8 Bxd2 29. Kc2 Bf4 30. h3 Ne4 31. Rf1 Bd6 32. Nb6 Kg7 33. Nd5 Ng5 34. Rh1 Be5 35. Kd3 f5 36. Ke3 Kh6 37. Nf4 b5 38. h4 Ne4 39. Rg1 Bxf4+ 40. Kxf4 Nf2 41. Rb1 b4 42. Kg3 Ne4+ 43. Kh3 Nf2+ 44. Kg3 Ne4+ 45. Kh3 1/2-1/2

[Event "84th ESP-ch 2019"]
[Site "Marbella"]
[Date "2019.11.18"]
[Round "3.27"]
[White "Garcia De Blas, Esteban"]
[Black "Guerra Rivera, Salvador"]
[Result "0-1"]
[ECO "C41"]
[WhiteElo "2031"]
[BlackElo "2334"]
[Annotator "ChessBase"]
[PlyCount "118"]
[EventDate "2019.11.16"]
[EventType "swiss"]
[EventCountry "ESP"]
[SourceTitle "playchess.com"]
[Source "ChessBase"]
[SourceQuality "1"]
[TimeControl "5400+30"]

1. e4 e5 2. Nf3 d6 3. d4 exd4 4. Nxd4 Nf6 5. Nc3 Be7 6. Be2 O-O 7. Be3 Re8 8. Qd2 Bf8 9. Bg5 h6 10. Bxf6 Qxf6 11. O-O c6 12. a4 a5 13. Kh1 Nd7 14. Nb3 Qh4 15. g3 Qd8 16. f4 Nf6 17. Bf3 Qb6 18. Qf2 Qc7 19. Rfe1 g6 20. Qd4 Bg7 21. Rad1 Ng4 22. Qd2 Qb6 23. Re2 h5 24. h3 Nh6 25. Kg2 Be6 26. Nd4 Bd7 27. Nb3 Rad8 28. Rb1 Be6 29. Nc1 Qc7 30. Nd3 Qc8 31. Rh1 f5 32. Qe1 d5 33. e5 d4 34. Nb1 b6 35. Nd2 Kf7 36. b3 Bf8 37. Qa1 Qc7 38. Nb2 Kg7 39. Rd1 Nf7 40. Ndc4 Bb4 41. Na3 Bc3 42. Nb1 Bb4 43. Nd3 Be7 44. Nf2 c5 45. Na3 h4 46. g4 g5 47. Nb5 Qd7 48. Kh2 gxf4 49. gxf5 Bxf5 50. Qc1 Bg5 51. Rg1 Kh7 52. Nd3 Bh6 53. Qe1 Ng5 54. Bh1 f3 55. Rf2 Bxd3 56. Rxg5 Bxg5 57. cxd3 Bf4+ 58. Kg1 Rg8+ 59. Kf1 Qxh3+ 0-1

[Event "84th ESP-ch 2019"]
[Site "Marbella"]
[Date "2019.11.18"]
[Round "3.30"]
[White "Ruiz Bellon, Manuel"]
[Black "Zurano Lopez, Pedro"]
[Result "0-1"]
[ECO "B12"]
[WhiteElo "1994"]
[BlackElo "2292"]
[Annotator "RC"]
[PlyCount "72"]
[EventDate "2019.11.16"]
[EventType "swiss"]
[EventCountry "ESP"]
[SourceTitle "playchess.com"]
[Source "ChessBase"]
[SourceQuality "1"]
[TimeControl "5400+30"]

1. e4 c6 2. d4 d5 3. Nd2 g6 4. Ngf3 Bg7 5. c3 dxe4 6. Nxe4 Nd7 7. Bc4 Ngf6 8. Bxf7+ Kxf7 9. Neg5+ Kg8 10. Ne6 Qa5 11. Qe2 Nd5 12. Nxg7 Kxg7 13. O-O b5 14. Bd2 Qc7 15. b3 Re8 16. Rfe1 Nf8 17. Ne5 Be6 18. c4 bxc4 19. bxc4 Nf6 20. h3 Rad8 21. Bc3 Kg8 22. Qf3 Rc8 23. Rac1 N6d7 24. Nxc6 Qxc6 25. d5 Qa8 26. Qe3 Bf7 27. Qh6 Nf6 28. Bb2 N8d7 29. g4 Bxd5 30. cxd5 Rxc1 31. Rxc1 Qxd5 32. Re1 Qxa2 33. Re2 Qf7 34. Re3 Rb8 35. Ba3 Rb1+ 36. Kh2 Nd5 0-1

[Event "84th ESP-ch 2019"]
[Site "Marbella"]
[Date "2019.11.18"]
[Round "3.31"]
[White "Medarde Santiago, Luis Marcos"]
[Black "Sosa Suarez, Carla Cristina"]
[Result "0-1"]
[ECO "C15"]
[WhiteElo "2285"]
[BlackElo "2022"]
[Annotator "RC"]
[PlyCount "132"]
[EventDate "2019.11.16"]
[EventType "swiss"]
[EventCountry "ESP"]
[SourceTitle "playchess.com"]
[Source "ChessBase"]
[SourceQuality "1"]
[TimeControl "5400+30"]

1. e4 e6 2. d4 d5 3. Nc3 Bb4 4. Nge2 dxe4 5. a3 Bxc3+ 6. Nxc3 Nc6 7. d5 exd5 8. Qxd5 Be6 9. Qxd8+ Rxd8 10. Bg5 f6 11. Bf4 g5 12. Bxc7 Rd7 13. Bg3 f5 14. h4 f4 15. Bh2 h6 16. Nxe4 Bf5 17. f3 Bxe4 18. fxe4 Nf6 19. Bd3 Nxe4 20. O-O-O Nf6 21. Bg1 O-O 22. Bc5 Rfd8 23. hxg5 hxg5 24. Rde1 Kg7 25. b4 b6 26. Bg1 Re7 27. Bf2 Ne5 28. Bf5 Kf7 29. Re2 Nc6 30. Rhe1 Rxe2 31. Rxe2 Rd6 32. Kb2 Nd4 33. Bxd4 Rxd4 34. c4 Nh5 35. Kc3 Rd8 36. Be6+ Kf6 37. c5 Ng3 38. Re1 Re8 39. cxb6 axb6 40. a4 Rxe6 41. Ra1 g4 42. a5 bxa5 43. bxa5 f3 44. gxf3 gxf3 45. a6 Re8 46. a7 Ra8 47. Ra2 Ne4+ 48. Kd4 f2 49. Ra6+ Kf5 50. Ra5+ Kf4 51. Ra1 Kf3 52. Kd5 Kg2 53. Kc6 Rxa7 54. Rxa7 f1=Q 55. Rg7+ Ng3 56. Rb7 Qc4+ 57. Kb6 Ne4 58. Ka7 Nd6 59. Rg7+ Kf2 60. Kb8 Qb4+ 61. Ka8 Ke3 62. Rg3+ Kf4 63. Rg7 Kf5 64. Rh7 Kg6 65. Re7 Qa5+ 66. Kb8 Qd8+ 0-1

[Event "84th ESP-ch 2019"]
[Site "Marbella"]
[Date "2019.11.18"]
[Round "3.33"]
[White "Jimenez Ruano, Adrian"]
[Black "Sanjuan Garcia, Miguel"]
[Result "1-0"]
[ECO "A57"]
[WhiteElo "2269"]
[BlackElo "2021"]
[Annotator "RC"]
[PlyCount "63"]
[EventDate "2019.11.16"]
[EventType "swiss"]
[EventCountry "ESP"]
[SourceTitle "playchess.com"]
[Source "ChessBase"]
[SourceQuality "1"]
[TimeControl "5400+30"]

1. d4 Nf6 2. c4 c5 3. d5 b5 4. cxb5 a6 5. e3 g6 6. Nc3 Bg7 7. Nf3 O-O 8. a4 Bb7 9. Be2 e6 10. e4 exd5 11. exd5 axb5 12. Bxb5 Re8+ 13. Be3 Ng4 14. O-O Rxe3 15. fxe3 Nxe3 16. Qd2 Nxf1 17. Rxf1 h6 18. Kh1 d6 19. Qf4 Na6 20. Ng5 Qf6 21. Qxf6 Bxf6 22. Rxf6 hxg5 23. Rxd6 Nb4 24. h3 Kf8 25. Rd7 Bc8 26. Rc7 Na6 27. Rxc8+ Rxc8 28. Bxa6 Rb8 29. Bb5 Ke7 30. a5 Kd6 31. a6 Kc7 32. a7 1-0

[Event "84th ESP-ch 2019"]
[Site "Marbella"]
[Date "2019.11.18"]
[Round "3.39"]
[White "Martinez Piqueras, Carlos"]
[Black "Diaz Mino, Daniel"]
[Result "1-0"]
[ECO "C45"]
[WhiteElo "2206"]
[BlackElo "1953"]
[Annotator "RC"]
[PlyCount "127"]
[EventDate "2019.11.16"]
[EventType "swiss"]
[EventCountry "ESP"]
[SourceTitle "playchess.com"]
[Source "ChessBase"]
[SourceQuality "1"]
[TimeControl "5400+30"]

1. e4 e5 2. Nf3 Nc6 3. d4 exd4 4. Nxd4 Bc5 5. Nb3 Bb6 6. Nc3 Nf6 7. Qe2 O-O 8. Be3 Bxe3 9. Qxe3 d6 10. O-O-O a6 11. f3 b5 12. h4 b4 13. Nd5 a5 14. Nd4 Ne5 15. Qg5 Nxd5 16. exd5 Bd7 17. Qxd8 Rfxd8 18. Bb5 Bxb5 19. Nxb5 Rdb8 20. Nd4 a4 21. Rhe1 Kf8 22. f4 Nd7 23. Nc6 Rb6 24. Rd4 b3 25. cxb3 axb3 26. a3 Nf6 27. Nb4 Rb5 28. Re3 Re8 29. Rxb3 Re2 30. g3 Rg2 31. Rbd3 Nh5 32. Rc4 Rb7 33. Rcc3 g6 34. Kb1 f5 35. Ka2 Nf6 36. Rc2 Rg1 37. Rdc3 Ne4 38. Rxc7 Rxc7 39. Rxc7 Rxg3 40. a4 Nc5 41. a5 Rb3 42. Rxc5 Rxb4 43. Rc8+ Ke7 44. Ka3 Rb5 45. b4 Kd7 46. Rh8 Kc7 47. Rxh7+ Kb8 48. Rg7 Rxd5 49. Rxg6 Rd4 50. h5 Rxf4 51. Rxd6 Rh4 52. h6 f4 53. Rf6 Rh3+ 54. Ka4 f3 55. a6 Ka8 56. b5 Ka7 57. Rf7+ Kb6 58. a7 Rh1 59. h7 f2 60. Kb3 Rxh7 61. a8=Q Rxf7 62. Qa6+ Kc5 63. Qc6+ Kd4 64. Qc4+ 1-0

[Event "84th ESP-ch 2019"]
[Site "Marbella"]
[Date "2019.11.18"]
[Round "3.42"]
[White "Serrano Garcia, Luis"]
[Black "Garcia Vicente, Nieves"]
[Result "0-1"]
[ECO "B32"]
[WhiteElo "1866"]
[BlackElo "2175"]
[Annotator "RC"]
[PlyCount "42"]
[EventDate "2019.11.16"]
[EventType "swiss"]
[EventCountry "ESP"]
[SourceTitle "playchess.com"]
[Source "ChessBase"]
[SourceQuality "1"]
[TimeControl "5400+30"]

1. e4 c5 2. Nf3 Nc6 3. d4 cxd4 4. Nxd4 e5 5. Nb5 a6 6. Nd6+ Bxd6 7. Qxd6 Qf6 8. Qd1 Qg6 9. Nc3 Nge7 10. Be3 d5 11. Bc5 d4 12. Ne2 Qxe4 13. Bxe7 Nxe7 14. f3 Qh4+ 15. g3 Qf6 16. f4 Nf5 17. fxe5 Qxe5 18. Qd2 O-O 19. O-O-O Qd5 20. Rg1 Qxa2 21. Qb4 Ne3 0-1

[Event "84th ESP-ch 2019"]
[Site "Marbella"]
[Date "2019.11.19"]
[Round "4.1"]
[White "Santos Latasa, Jaime"]
[Black "Shirov, Alexei"]
[Result "0-1"]
[ECO "A06"]
[WhiteElo "2581"]
[BlackElo "2666"]
[Annotator "ChessBase"]
[PlyCount "52"]
[EventDate "2019.11.16"]
[EventType "swiss"]
[EventCountry "ESP"]
[SourceTitle "playchess.com"]
[Source "ChessBase"]
[SourceQuality "1"]
[TimeControl "5400+30"]

1. Nf3 d5 2. e3 Nf6 3. c4 c6 4. Nc3 Nbd7 5. Qc2 e5 6. cxd5 Nxd5 7. a3 Bd6 8. Be2 O-O 9. O-O Nxc3 10. bxc3 f5 11. d4 e4 12. Nd2 Nf6 13. a4 Bc7 14. Ba3 Re8 15. Rab1 f4 16. exf4 Bxf4 17. Nc4 Nd5 18. g3 Bh3 19. Rfe1 e3 20. Bh5 Nxc3 21. Bxe8 Nxb1 22. Rxb1 Qd5 23. Nxe3 Bxe3 24. fxe3 Rxe8 25. Rxb7 Qf3 26. Qa2+ Kh8 0-1

[Event "84th ESP-ch 2019"]
[Site "Marbella"]
[Date "2019.11.19"]
[Round "4.2"]
[White "Cuenca Jimenez, Jose Fernando"]
[Black "Salgado Lopez, Ivan"]
[Result "1/2-1/2"]
[ECO "B00"]
[WhiteElo "2523"]
[BlackElo "2594"]
[Annotator "ChessBase"]
[PlyCount "72"]
[EventDate "2019.11.16"]
[EventType "swiss"]
[EventCountry "ESP"]
[SourceTitle "playchess.com"]
[Source "ChessBase"]
[SourceQuality "1"]
[TimeControl "5400+30"]

1. e4 d6 2. d4 Nf6 3. f3 e6 4. Be3 Be7 5. Nc3 a6 6. Qd2 O-O 7. Nge2 b5 8. g4 c5 9. g5 Nfd7 10. h4 Nc6 11. Bg2 b4 12. Na4 cxd4 13. Nxd4 Bb7 14. b3 d5 15. exd5 Nxd4 16. Bxd4 Bxd5 17. f4 Qa5 18. Bxd5 Qxd5 19. O-O-O Rad8 20. Rhf1 Rfe8 21. Qe3 Qf5 22. Qd3 Qxd3 23. Rxd3 f6 24. Rfd1 Nf8 25. gxf6 gxf6 26. h5 Rd5 27. Rg3+ Kf7 28. Rdg1 Red8 29. Rg7+ Ke8 30. Rxe7+ Kxe7 31. Rg7+ Ke8 32. Bxf6 R8d7 33. h6 Rh5 34. Nb6 Rh1+ 35. Kb2 Rf7 36. Bg5 Ng6 1/2-1/2

[Event "84th ESP-ch 2019"]
[Site "Marbella"]
[Date "2019.11.19"]
[Round "4.6"]
[White "Santos Ruiz, Miguel"]
[Black "Ladron De Guevara Pinto, Paolo"]
[Result "1-0"]
[ECO "C91"]
[WhiteElo "2583"]
[BlackElo "2442"]
[Annotator "ChessBase"]
[PlyCount "101"]
[EventDate "2019.11.16"]
[EventType "swiss"]
[EventCountry "ESP"]
[SourceTitle "playchess.com"]
[Source "ChessBase"]
[SourceQuality "1"]
[TimeControl "5400+30"]

1. e4 e5 2. Nf3 Nc6 3. Bb5 a6 4. Ba4 Nf6 5. O-O Be7 6. Re1 b5 7. Bb3 d6 8. c3 O-O 9. d4 Bg4 10. Be3 Bh5 11. Nbd2 Na5 12. dxe5 dxe5 13. h3 Nxb3 14. Qxb3 Bd6 15. c4 Bxf3 16. Nxf3 bxc4 17. Qxc4 Qb8 18. Qc2 Qb7 19. Nd2 Rfb8 20. Rab1 a5 21. f3 a4 22. Nc4 Ne8 23. Red1 Ra6 24. Rd3 Qa8 25. Rc1 Rc6 26. Qd1 Rb5 27. Kh1 h6 28. a3 Ra6 29. Bd2 Rb8 30. Bc3 Rc6 31. Nxd6 cxd6 32. Rc2 Rbc8 33. Rcd2 Qa6 34. Kh2 Kh7 35. Rd5 Rc5 36. Rxc5 Rxc5 37. Bb4 Rc6 38. Rd5 f5 39. exf5 Qc4 40. Qd2 Qb3 41. Qd3 Qxd3 42. Rxd3 Kg8 43. Rd5 Kf7 44. Ra5 Kf6 45. Ra8 Nc7 46. Rc8 Ke7 47. Ba5 Kd7 48. Rxc7+ Rxc7 49. Bxc7 Kxc7 50. g4 d5 51. Kg2 1-0

[Event "84th ESP-ch 2019"]
[Site "Marbella"]
[Date "2019.11.19"]
[Round "4.7"]
[White "Suarez Uriel, Adrian"]
[Black "Ibarra Jerez, Jose Carlos"]
[Result "0-1"]
[ECO "B40"]
[WhiteElo "2389"]
[BlackElo "2540"]
[Annotator "ChessBase"]
[PlyCount "88"]
[EventDate "2019.11.16"]
[EventType "swiss"]
[EventCountry "ESP"]
[SourceTitle "playchess.com"]
[Source "ChessBase"]
[SourceQuality "1"]
[TimeControl "5400+30"]

1. e4 c5 2. Nf3 e6 3. d4 cxd4 4. Nxd4 Nf6 5. Nc3 Nc6 6. a3 Be7 7. Be3 O-O 8. Be2 d5 9. exd5 Nxd5 10. Nxd5 Qxd5 11. Bf3 Qa5+ 12. b4 Qc7 13. Nxc6 bxc6 14. Qd3 e5 15. Qc4 Bd7 16. O-O Rfc8 17. Qa6 Bf5 18. c4 Bd3 19. Rfe1 e4 20. Be2 Bxe2 21. Rxe2 Rd8 22. g3 f5 23. b5 Qe5 24. Rc1 c5 25. Bf4 Qf6 26. Qb7 Bf8 27. h4 Qb6 28. Qxb6 axb6 29. Bc7 Rd7 30. Be5 Rxa3 31. Ree1 Ra4 32. Rcd1 Rd3 33. Ra1 Rxc4 34. Ra6 Rb4 35. Rxb6 Rdb3 36. Rc6 Rxb5 37. Rd1 Rb1 38. Rxb1 Rxb1+ 39. Kg2 Rb7 40. g4 fxg4 41. Kg3 h5 42. Kf4 Rf7+ 43. Kg5 Kh7 44. Bg3 g6 0-1

[Event "84th ESP-ch 2019"]
[Site "Marbella"]
[Date "2019.11.19"]
[Round "4.8"]
[White "Narciso Dublan, Marc"]
[Black "Garcia Ramos, Daniel"]
[Result "0-1"]
[ECO "A45"]
[WhiteElo "2517"]
[BlackElo "2350"]
[Annotator "ChessBase"]
[PlyCount "92"]
[EventDate "2019.11.16"]
[EventType "swiss"]
[EventCountry "ESP"]
[SourceTitle "playchess.com"]
[Source "ChessBase"]
[SourceQuality "1"]
[TimeControl "5400+30"]

1. d4 Nf6 2. Bg5 d5 3. e3 Nbd7 4. c4 Ne4 5. Bh4 g5 6. Bg3 h5 7. cxd5 h4 8. Be5 Nxe5 9. dxe5 c6 10. Ne2 e6 11. Nec3 Nxc3 12. Nxc3 exd5 13. Qd4 Bg7 14. Bd3 O-O 15. O-O f6 16. f4 Qb6 17. fxg5 Qxd4 18. exd4 fxe5 19. Rxf8+ Kxf8 20. Rf1+ Ke7 21. dxe5 Bxe5 22. Ne2 Bxb2 23. Nf4 Bd7 24. Ng6+ Kd6 25. Nxh4 c5 26. Bf5 c4 27. g4 Bd4+ 28. Kg2 Be3 29. g6 c3 30. Bxd7 Kxd7 31. Nf5 Bd2 32. Nd4 Rg8 33. Rf7+ Kd6 34. g7 Ke5 35. Nc2 Ke4 36. Rd7 a5 37. h4 Kd3 38. Na3 d4 39. h5 Be3 40. Rxb7 c2 41. Rb3+ Kd2 42. Rb2 d3 43. Nc4+ Kc3 44. Nxe3 Kxb2 45. h6 c1=Q 46. h7 Qc8 0-1